Construct Section Command Post
Selects Air and Sea Battlegroup
Construct Platoon Command Post
Unlock M3 Stuart Light Tanks
6-pounder Anti-tank Gun Team
6-pounder Anti-tank Gun Team
Unlock Bishop Self-propelled Artillery
Bishop Self-propelled Artillery
Selects Commando Section Paradrop
Selects M1 Pack Howitzer Paradrop
Bishop Self-propelled Artillery
Bishop Self-propelled Artillery
6-pounder Anti-tank Gun Team